 Dungeon Crawl Stone Soup version 0.22-a0-135-g6f012ad (webtiles) character file.

110 sankara the Grave Robber (level 4, 30/30 HPs)
             Began as a Demonspawn Necromancer on Feb 1, 2018.
             Got out of the dungeon alive.
             The game lasted 00:14:01 (2644 turns).

sankara the Grave Robber (Demonspawn Necromancer)   Turns: 2644, Time: 00:14:02

Health: 30/30      AC:  4    Str:  8    XL:     4   Next: 61%
Magic:  9/9        EV: 12    Int: 16    God:
Gold:   117        SH:  0    Dex: 15    Spells: 2/10 levels left

rFire    . . .     SeeInvis .   (no weapon)
rCold    . . .     Gourm    .   (no shield)
rNeg     . . .     Faith    .   e - +0 robe
rPois    .         Spirit   +   (helmet restricted)
rElec    .         Reflect  .   (no cloak)
rCorr    .         Harm     .   (no gloves)
MR       .....                  (no boots)
Stlth    ++........             (no amulet)
HPRegen  0.10/turn              q - +2 ring of protection
MPRegen  0.11/turn              (no ring)

@: no status effects
A: antennae 1, powered by death 1, magic shield
a: no special abilities


You escaped.
You were not hungry.

You visited 1 branch of the dungeon, and saw 2 of its levels.

You collected 117 gold pieces.

Inventory:

Hand Weapons
 a - a +0 dagger
 p - a +0 hunting sling
Missiles
 g - 64 stones (quivered)
 l - 3 sling bullets
 r - a throwing net
Armour
 e - a +0 robe (worn)
Jewellery
 q - a +2 ring of protection (left hand)
 t - an uncursed ring of fire
Scrolls
 d - a scroll of enchant armour {unknown}
 f - a scroll of fear {unknown}
 j - a scroll of blinking {unknown}
 m - a scroll of teleportation {unknown}
 n - 2 scrolls of remove curse {unknown}
 o - 3 scrolls of identify {unknown}
 v - a scroll of magic mapping {unknown}
Potions
 i - a potion of mutation {unknown}
 k - a potion of curing
 s - a potion of lignification {unknown}
 u - 2 potions of agility {unknown}
Books
 b - a book of Necromancy

   Spells                             Type                      Level
   a - Pain                           Necromancy                   1
   b - Animate Skeleton               Necromancy                   1
   c - Vampiric Draining              Necromancy                   3
   d - Regeneration                   Charms/Necromancy            3
   e - Animate Dead                   Necromancy                   4
Comestibles
 c - 8 rations
 h - 2 chunks of flesh


   Skills:
 - Level 1.7 Dodging
 - Level 1.7 Stealth
 + Level 3.5 Spellcasting
 + Level 5.6 Necromancy


You had 2 spell levels left.
You knew the following spells:

 Your Spells              Type           Power        Failure   Level  Hunger
a - Pain                  Necr           ###.         1%          1    None
b - Animate Skeleton      Necr           N/A          1%          1    None
c - Vampiric Draining     Necr           ###.......   5%          3    ###....
d - Regeneration          Chrm/Necr      ##........   17%         3    ###....


Dungeon Overview and Level Annotations

Branches:
Dungeon (2/15)

Altars:


Innate Abilities, Weirdness & Mutations

You have a pair of small antennae on your head.
You regenerate a little health from kills.
When hurt, damage is shared between your health and your magic reserves.


Message History

Your leopard gecko skeleton closely misses the gnoll.
Casting: Pain (safe; 1% risk of failure)
Confirm with . or Enter, or press ? or * to list all spells.
Aiming: Pain (safe; 1% risk of failure)
Press: ? - help, Shift-Dir - straight line, f/p - gnoll
Aim: a gnoll, wielding a flail (severely wounded, chance to defeat MR: 85%)
The gnoll writhes in agony!
You kill the gnoll!
You swap places.
v - a scroll labeled YCHAXT SUPTU
There is an escape hatch in the floor here.
Things that are here:
a flail; a club HP restored.
Magic restored.
You open the door.
There is an open door here.
There is a staircase leading out of the dungeon here.
Are you sure you want to leave the Dungeon?
This will make you lose the game!
You have escaped!

#.#.......#######.#.##.##.Z#
#...####### #.#.##.##... ##.##
#.#.##..#.## #.# #.........#
#.#### ####.#.##.### #....# ###
#...###.#.# ####.### #.#
#.##.#.##.#
#...###.###.###..##.#
#.#.'.Z@..+.# ##)##.#
#######.#######...#.#
#.............#.....#
#####.#####.####...######
########..##.#####.##.##.## #...
#.........#......Z..#.##.####.##
#.######.######.######...Z....##
#.# #.'...........'.###.#..##
#g# ########.######## #.#..##


You could see a friendly leopard gecko skeleton.

Vanquished Creatures
  3 gnolls
  2 adders (D:2)
  2 worms
  A leopard gecko (D:1)
  6 bats
  4 giant cockroaches (D:1)
  5 goblins
  7 hobgoblins
  2 jackals (D:2)
  9 kobolds
  5 frilled lizards
  11 rats
57 creatures vanquished.

Vanquished Creatures (collateral kills)
  2 goblins (D:1)
  A quokka (D:2)
3 creatures vanquished.

Grand Total: 60 creatures vanquished

Notes
Turn   | Place    | Note
-------+----------+-------------------------------------------
     0 | D:1      | sankara the Demonspawn Necromancer began the quest for the Orb.
     0 | D:1      | Reached XP level 1. HP: 13/13 MP: 3/3
   109 | D:1      | Learned a level 1 spell: Animate Skeleton
   589 | D:1      | Gained mutation: You regenerate a little health from kills. [demonic ancestry]
   589 | D:1      | Reached XP level 2. HP: 19/19 MP: 3/5
  1124 | D:1      | Reached skill level 5 in Necromancy
  1124 | D:1      | Gained mutation: You have a pair of small antennae on your head. [demonic ancestry]
  1124 | D:1      | Reached XP level 3. HP: 23/24 MP: 2/7
  1644 | D:1      | Learned a level 3 spell: Vampiric Draining
  2019 | D:1      | Learned a level 3 spell: Regeneration
  2268 | D:2      | Gained mutation: When hurt, damage is shared between your health and your magic reserves. [demonic ancestry]
  2268 | D:2      | Reached XP level 4. HP: 28/30 MP: 4/8
  2644 | D:$      | Got out of the dungeon alive.

Vault maps used:
D:1:      shiori_shiawase, st_stairs_4, minmay_pentomino_x4
D:2:      first_ration

Skill      XL: |  1  2  3 |
---------------+----------+-----
Necromancy     | 5 |  5.6
Spellcasting   | 3 |  3.5
Dodging        | |  1.7
Stealth        | |  1.7

Action                   |  1- 3 |  4- 6 || total
-------------------------+-------+-------++-------
Melee: Unarmed           |     7 |       ||     7
       Dagger            |    17 |    14 ||    31
 Fire: Hunting sling     |     3 |    39 ||    42
 Cast: Pain              |    91 |    10 ||   101
       Animate Skeleton  |    20 |     2 ||    22
       Regeneration      |       |     1 ||     1
 Stab: Sleeping          |     1 |       ||     1
  Eat: Chunk             |     5 |     1 ||     6
Armor: Robe              |    11 |     7 ||    18
Dodge: Dodged            |    43 |    27 ||    70

Table legend:
 A = Spawn XP
 B = Non-spawn XP
 C = Spawn XP percentage of total XP
 D = Spawn monster count
 E = Non-spawn monster count
 F = Spawn count percentage of total count
 G = Total turns spent on level
                    A         B        C        D         E        F      G
               +---------+---------+-------+---------+---------+-------+---------
         Total |       0 |     158 |   0.0 |       0 |      60 |   0.0 |  2644
               +---------+---------+-------+---------+---------+-------+---------
           D:1 |       0 |      75 |   0.0 |       0 |      39 |   0.0 |  2109
           D:2 |       0 |      83 |   0.0 |       0 |      21 |   0.0 |   535
               +---------+---------+-------+---------+---------+-------+---------
